 Dungeon Crawl Stone Soup version 0.24.0-13-gcf9b3192b9 (webtiles) character file.

Game seed: 1374271899490265071, levelgen mode: deterministic

33 Esekla the Sneak (level 3, 0/26 HPs)
             Began as a Formicid Enchanter on Nov 5, 2019.
             Slain by a gnoll (3 damage)
             ... on level 2 of the Dungeon.
             The game lasted 00:07:25 (843 turns).

Esekla the Sneak (Formicid Enchanter)                Turns: 843, Time: 00:07:26

Health: 0/26       AC:  2    Str: 12    XL:     3   Next: 47%
Magic:  3/6        EV: 12    Int: 15    God:
Gold:   15         SH:  0    Dex: 11    Spells: 2/6 levels left

rFire    . . .     SeeInvis +   a - +1 dagger
rCold    . . .     Gourm    .   (no shield)
rNeg     . . .     Faith    .   b - +0 robe
rPois    .         Spirit   .   (helmet unavailable)
rElec    .         Reflect  .   (no cloak)
rCorr    .         Harm     .   (no gloves)
MR       .....                  (no boots)
Stlth    ++........             (no amulet)
HPRegen  0.08/turn              (no ring)
MPRegen  0.10/turn              (no ring)

@: very slightly contaminated
A: permanent stasis, dig shafts and tunnels, four strong arms, antennae 3
a: Dig, Shaft Self


You were on level 2 of the Dungeon.
You were not hungry.

You visited 1 branch of the dungeon, and saw 2 of its levels.

You collected 15 gold pieces.

Inventory:

Hand Weapons
 a - a +1 dagger (weapon)
Missiles
 c - 6 boomerangs (quivered)
Armour
 b - a +0 robe (worn)
Scrolls
 f - 3 scrolls of teleportation {unknown}
Potions
 g - a potion of degeneration {unknown}
Comestibles
 d - 2 rations


   Skills:
 * Level 1.5 Fighting
 + Level 1.3 Short Blades
 + Level 1.9 Dodging
 + Level 4.3 Stealth
 + Level 2.4 Spellcasting
 - Level 3.6 Hexes


You had 2 spell levels left.
You knew the following spells:

 Your Spells              Type           Power        Failure   Level  Hunger
a - Corona                Hex            ##.....      4%          1    #......
d - Dazzling Spray        Conj/Hex       #.....       30%         3    ###....

Your spell library contained the following spells:

 Spells                   Type           Power        Failure   Level  Hunger
 Ensorcelled Hibernation  Hex/Ice        #.....       16%         2    ###....
 Confuse                  Hex            ##......     14%         3    ###....
 Tukima's Dance           Hex            ##......     14%         3    ###....


Dungeon Overview and Level Annotations

Branches:
Dungeon (2/15)

Altars:

Annotations:
D:2 Robin


Innate Abilities, Weirdness & Mutations

You cannot be hasted, slowed, berserked, paralysed or teleported.
You can dig through walls and to a lower floor.
Your four strong arms can wield two-handed weapons with a shield.
You have a pair of large antennae on your head. (SInv)


Message History

The hobgoblin misses you. The gnoll hits you.
* * * LOW HITPOINT WARNING * * *
You climb downwards.
Level annotation: Robin A goblin comes into view.
It is wielding a +0 dagger.
There is a stone staircase leading up, spattered with blood here.
Robin throws the goblin at you!
* * * LOW HITPOINT WARNING * * *
The hobgoblin barely misses you. The goblin closely misses you.
Casting: Dazzling Spray (safe; 30% risk of failure)
Confirm with . or Enter, or press ? or * to list all spells.
Aiming: Dazzling Spray (safe; 30% risk of failure)
Press: ? - help, Shift-Dir - straight line, f - gnoll
Aim: a gnoll You miscast Dazzling Spray.
You are very lightly contaminated with residual magic.
You are momentarily dazzled by a flash of light!
The goblin shouts!
The gnoll hits you.
You die...

..## ##.##. ..#
##..##.## ### #..##
†.# # #.## #.## ##
#.#####..####..# ##
##.#............#
.####.......g......#
)..#.g.#...g.g.#####
##.......#####gg@#
#......#.# ##gg#
#......#.# ##.#
#[.......# #.#
#.....#### #.#
####### ### {


You could see Robin, a gnoll, a hobgoblin and 4 goblins.

Vanquished Creatures
  An adder (D:2)
  A leopard gecko (D:1)
  A ball python (D:1)
  A bat (D:1)
  A giant cockroach (D:1)
  3 goblins
  A hobgoblin (D:2)
  7 jackals
  A frilled lizard (D:2)
  2 kobolds (D:2)
19 creatures vanquished.

Notes
Turn   | Place    | Note
-------+----------+-------------------------------------------
     0 | D:1      | Esekla the Formicid Enchanter began the quest for the Orb.
     0 | D:1      | Reached XP level 1. HP: 13/13 MP: 3/3
   146 | D:1      | Reached XP level 2. HP: 20/20 MP: 5/5
   177 | D:1      | Reached skill level 4 in Stealth
   415 | D:2      | Reached skill level 1 in Fighting
   431 | D:2      | Reached XP level 3. HP: 18/26 MP: 6/6
   456 | D:2      | Learned a level 3 spell: Dazzling Spray
   644 | D:2      | Noticed Robin
   843 | D:2      | Slain by a gnoll

Levels and vault maps discovered:
D:1:      saegor_arrival_under_anarchy, layout_basic
D:2:      layout_rooms, nicolae_overflow_crystal_walls,
          kennysheep_big_empty_room, uniq_robin

Skill      XL: |  1  2 |
---------------+-------+-----
Stealth        | 4 |  4.3
Fighting       | 1 |  1.5
Short Blades   | |  1.3
Dodging        | |  1.9
Spellcasting   | |  2.4
Hexes          | |  3.6

Action                   || total
-------------------------++-------
Melee: Dagger            ||    83
Throw: Boomerang         ||     9
 Cast: Dazzling Spray    ||     1
  Use: Potion            ||     1
 Stab: Sleeping          ||     3
Armor: Robe              ||    14
Dodge: Dodged            ||    76
